Map: Dusk Towers

Players

RedPanda - Winner!

  • Race: Zerg Zerg
  • League: Platinum

LilDicky

  • Race: Terran Terran
  • League: Diamond

VOD

http://www.twitch.tv/tumescentpie

Description

Time

  • Played on: Nov. 29, 2015, 2:32 p.m.
  • Length: 12:20
Show
View Real Time Build Order
Export as new Build Order

RedPanda Zerg - Winner!

Build Orders: Pool First 

Get SALT Encoding   

  12  0:01  Drone  
  13  0:12  Overlord  
  13  0:17  Drone  
  14  0:30  Drone x2  
  14  0:34  Drone  
  17  0:44  Extractor  
  17  0:45  Drone  
  17  0:53  Spawning Pool  
  17  0:55  Drone  
  17  1:06  Drone  
  18  1:17  Drone  
  19  1:29  Drone  
  20  1:34  Hatchery  
  20  1:39  Queen  
  21  1:44  Drone  
  22  1:47  Metabolic Boost  
  22  1:55  Overlord  
  22  2:01  Zergling x2, Extractor  
  23  2:18  Zergling x2  
  23  2:22  Queen  
  26  2:39  Drone  
  26  2:40  Drone  
  28  2:49  Lair  
  28  2:50  Drone  
  29  3:07  Drone x3  
  29  3:08  Drone  
  29  3:09  Evolution Chamber  
  29  3:10  Drone x2  
  34  3:15  Overlord  
  34  3:22  Drone x2  
  34  3:25  Extractor  
  35  3:27  Drone x2, Extractor  
  38  3:35  Zerg Ground Armor Level 1  
  38  3:41  Drone  
  38  3:42  Drone x2  
  41  3:55  Hatchery, Roach Warren  
  39  4:01  Evolution Chamber, Extractor  
  39  4:02  Drone x2, Extractor  
  38  4:04  Extractor  
  38  4:05  Drone  
  38  4:06  Drone x2  
  40  4:11  Overlord  
  40  4:13  Overlord  
  40  4:27  Zerg Missile Weapons Level 1  
  40  4:31  Drone x3  
  43  4:35  Drone x3  
  43  4:36  Drone  
  47  4:57  Zergling x8  
  47  4:58  Zergling x4  
  54  5:07  Drone x2  
  54  5:08  Drone  
  54  5:09  Drone x3  
  59  5:21  Drone x3  
  59  5:23  Overlord  
  59  5:27  Overlord x3  
  62  5:46  Spore Crawler, Infestation Pit  
  62  5:48  Spore Crawler  
  62  5:49  Spore Crawler  
  58  5:50  Spore Crawler  
  58  5:51  Roach x2  
  58  5:52  Roach x6, Extractor x2  
  71  6:06  Pneumatized Carapace  
  71  6:08  Drone  
  71  6:09  Drone x7  
  79  6:17  Glial Reconstitution  
  78  6:20  Zerg Ground Armor Level 2  
  78  6:26  Hive  
  78  6:38  Zerg Missile Weapons Level 2  
  78  6:50  Roach x3  
  78  6:52  Roach  
  86  6:56  Hatchery, Overlord  
  86  6:58  Overlord  
  85  7:13  Queen  
  85  7:14  Drone  
  85  7:15  Drone x2  
  90  7:37  Pathogen Glands  
  90  7:45  Viper x4, Roach  
  104  8:02  Evolution Chamber  
  104  8:04  Evolution Chamber, Overlord  
  104  8:05  Overlord x9  
  102  8:32  Drone x3  
  105  8:35  Roach  
  105  8:36  Roach x10  
  127  8:43  Zerg Ground Armor Level 3  
  127  8:56  Evolution Chamber  
  127  8:57  Evolution Chamber  
  125  9:06  Ravager x4  
  125  9:07  Ravager x12  
  125  9:09  Zergling x2  
  143  9:10  Zergling x10  
  147  9:24  Drone  
  147  9:25  Drone x9  
  157  9:43  Extractor  
  157  9:44  Extractor  
  155  9:47  Drone x2  
  157  9:58  Roach x13  
  183  10:20  Overlord x3  
  183  10:21  Overlord x5  
  183  10:38  Queen  
  185  10:48  Viper x4  
  197  10:54  Ravager x2  
  191  11:34  Roach  
  191  11:35  Roach x3  
Show
View Real Time Build Order
Export as new Build Order

LilDicky Terran 

Build Orders: Liberator Opening, Bio Tank, MMM Bio 

Get SALT Encoding   

  12  0:05  SCV  
  13  0:17  SCV  
  14  0:21  Supply Depot  
  14  0:29  SCV  
  15  0:40  Refinery  
  15  0:43  SCV  
  15  0:45  Barracks  
  16  0:58  SCV  
  17  1:10  SCV  
  18  1:22  SCV  
  19  1:34  SCV  
  20  1:49  SCV  
  20  1:52  Reaper  
  22  1:57  Command Center  
  22  2:01  Orbital Command  
  22  2:09  Factory  
  23  2:44  Refinery  
  23  2:45  SCV  
  23  2:53  Barracks Tech Lab  
  23  3:00  Supply Depot  
  23  3:09  SCV, Starport  
  23  3:12  Orbital Command  
  24  3:14  Refinery  
  24  3:21  SCV  
  24  3:22  Siege Tank  
  28  3:33  SCV  
  28  3:37  Liberator  
  28  3:39  SCV  
  30  3:45  SCV  
  30  3:46  Barracks Reactor  
  30  3:50  Barracks  
  32  3:56  SCV  
  32  4:02  Barracks  
  33  4:04  SCV  
  33  4:09  SCV  
  35  4:29  SCV x2  
  37  4:46  SCV, Siege Tank  
  37  4:47  SCV  
  42  4:54  Supply Depot, Refinery  
  42  4:58  SCV, Barracks Tech Lab x2, Liberator x2  
  42  4:59  Barracks Reactor, SCV  
  44  5:10  SCV  
  44  5:11  SCV  
  46  5:18  Marine  
  46  5:19  Stimpack, Marine  
  54  5:33  Command Center  
  54  5:42  Supply Depot, SCV x2, Marine  
  57  5:44  Marine x3  
  60  5:54  SCV x2  
  62  6:03  Siege Tank, Marine  
  66  6:13  Liberator x2  
  66  6:22  SCV x2  
  66  6:23  Marine  
  66  6:24  Marine  
  70  6:30  Marine x2  
  78  6:33  Supply Depot x2  
  78  6:38  Command Center  
  78  6:41  Engineering Bay  
  78  6:42  Engineering Bay  
  78  6:45  SCV x2, Marine x2  
  82  6:56  Engineering Bay  
  82  6:57  SCV x2  
  82  7:00  Liberator  
  84  7:01  Liberator  
  84  7:09  SCV x2  
  84  7:11  Orbital Command  
  86  7:16  Marine x2  
  86  7:21  SCV x2  
  86  7:22  Terran Infantry Weapons Level 1, Terran Infantry Armor Level 1  
  96  7:23  Marine  
  96  7:24  Concussive Shells  
  97  7:33  SCV  
  97  7:34  Supply Depot  
  97  7:35  Marine x3  
  101  7:41  Marine  
  102  7:53  Marine  
  102  7:55  Hi-Sec Auto Tracking  
  102  7:58  SCV, Supply Depot  
  104  7:59  Siege Tank  
  104  8:01  Orbital Command  
  107  8:06  Command Center  
  107  8:07  Marine x2  
  109  8:15  SCV x2  
  109  8:19  Supply Depot  
  111  8:20  Missile Turret  
  111  8:28  SCV  
  111  8:29  SCV, Barracks  
  111  8:33  Barracks, Marine  
  114  8:34  Supply Depot  
  114  8:37  Combat Shields  
  114  8:38  Marine  
  115  8:44  Armory  
  115  8:47  Missile Turret, Medivac  
  115  8:48  Missile Turret  
  117  8:51  Medivac  
  120  8:55  SCV x2  
  120  8:56  SCV  
  122  9:21  Orbital Command  
  122  9:29  SCV  
  123  9:40  Refinery  
  123  9:41  Refinery  
  122  9:52  Marine x2  
  124  9:53  Barracks Reactor x2  
  124  9:54  Terran Infantry Weapons Level 2, Terran Infantry Armor Level 2  
  124  10:00  SCV x3  
  124  10:01  Marine x2  
  129  10:09  Missile Turret  
  129  10:10  Marine x2  
  129  10:11  Missile Turret x2  
  131  10:17  Missile Turret  
  131  10:18  Missile Turret x2, Marine  
  131  10:19  Marine  
  131  10:20  Missile Turret  
  133  10:24  Missile Turret  
  133  10:27  Marine  
  134  10:28  Marine  
  134  10:29  Marine x3  
  134  10:30  Command Center, Siege Tank  
  141  10:37  Factory  
  141  10:39  Starport  
  141  10:42  Planetary Fortress  
  141  10:46  Supply Depot  
  141  10:49  Supply Depot x2  
  141  10:50  Supply Depot x2  
  141  10:57  Marine x3  
  141  10:58  Marine x2  
  141  11:03  Supply Depot  
  142  11:19  Marine x4  
  142  11:20  Marine x2  
  142  11:21  SCV x4  
  142  11:23  Marine  
  142  11:24  Marauder  
  155  11:33  SCV x4  
  155  11:34  Starport Reactor  
  155  11:36  Marine  
  155  11:37  Factory Tech Lab, Marine x2  
  162  11:41  Marauder  
  162  11:43  Barracks  
  162  11:45  SCV x2, Barracks  
  162  11:46  Barracks  
  166  11:50  Barracks  
  166  11:51  Barracks  
  166  11:53  Barracks  
Tags
 
Add a new tag
Caveats
  • Supply blocks, unpowered buildings, or Contaminate may cause inaccurate times.
  • Supply counts are checked every 10 seconds.